 Dungeon Crawl Stone Soup version 0.31.0-9-g3a7656b989 (webtiles) character file.

Game seed: 1358652165338871653

520 qw the Skirmisher (level 7, -6/40 HPs)
             Began as a Deep Elf Hunter on Feb 2, 2024.
             Was an Initiate of Okawaru.
             Killed by divine providence
             ... invoked by an orc priest
              (14 damage)
             ... on level 4 of the Dungeon.
             The game lasted 00:00:16 (3307 turns).

qw the Skirmisher (Deep Elf Hunter)                 Turns: 3307, Time: 00:00:16

Health: -6/40      AC:  7    Str: 13    XL:     7   Next: 1%
Magic:  3/3        EV: 11    Int: 14    God:    Okawaru [......]
Gold:   170        SH:  0    Dex: 18    Spells: 6/6 levels left

rFire   + . .        b - +4 sling of Res Ipsa Loquitur {antimagic, rF+ Str+3 Stlth+}
rCold   . . .        (no shield)
rNeg    + . .        l - +1 ring mail {rN+}
rPois   .            k - +0 helmet
rElec   .            (no cloak)
rCorr   .            (no gloves)
SInv    .            (no boots)
Will    .....        (no amulet)
Stlth   ++           (no ring)
HPRegen 0.26/turn    (no ring)
MPRegen 0.08/turn

%: no passive effects
@: about to teleport
A: no striking features
a: Renounce Religion


You were on level 4 of the Dungeon.
You worshipped Okawaru.
Okawaru was noncommittal.
You visited 2 branches of the dungeon, and saw 5 of its levels.

You collected 170 gold pieces.


   Skills:
 - Level 2.0 Fighting
 + Level 10.4 Ranged Weapons
 - Level 1.0 Armour
 - Level 3.0 Dodging
 - Level 1.2 Stealth


You had 6 spell levels left.
You didn't know any spells.
Your spell library was empty.

Inventory:

Hand Weapons
 b - the +4 sling of Res Ipsa Loquitur (weapon) {antimagic, rF+ Str+3 Stlth+}
   (You found it on level 2 of the Dungeon)

   Str+3:     It affects your strength (+3).
   rF+:       It protects you from fire.
   Stlth+:    It makes you more stealthy.
Armour
 k - a +0 helmet (worn)
 l - a +1 ring mail of positive energy (worn)
Scrolls
 c - a scroll of enchant weapon
 e - a scroll of identify
 m - a scroll of teleportation
Potions
 a - 2 potions of curing
 d - a potion of might
 g - a potion of mutation
 h - a potion of enlightenment
 i - a potion of magic {unknown}
 j - a potion of lignification {unknown}

Dungeon Overview and Level Annotations

Branches:
Dungeon (4/15)             Temple (1/1) D:4

Altars:
Ashenzari
Cheibriados
Dithmenos
Elyvilon
Fedhas
Gozag
Hepliaklqana
Kikubaaqudgha
Okawaru
Qazlal
Ru
Trog
Uskayaw
Wu Jian
Xom
Yredelemnul
Zin


Message History

3299 ||| RETREEEEATING.
You shoot a sling bullet. The sling bullet hits the phantom.
The phantom is heavily damaged.
The orc priest calls upon Beogh to heal the orc.
The orc's wounds heal themselves!
You shoot a sling bullet. The sling bullet hits the phantom.
The phantom is heavily damaged.
The phantom hits you but does no damage.
The orc priest mumbles some strange prayers to Beogh against you.
Beogh smites you!
You shoot a sling bullet. The sling bullet hits the phantom.
The phantom is severely damaged.
The phantom closely misses you.
The orc priest invokes the aid of Beogh against you.
Beogh smites you!
The hound barks!
You shoot a sling bullet.
The sling bullet completely misses the phantom.
The sling bullet barely misses the orc.
The phantom barely misses you.
You shoot a sling bullet.
The sling bullet hits the phantom but does no damage.
The phantom is severely damaged.
The phantom hits you.
You shoot a sling bullet.
The sling bullet barely misses the phantom.
The sling bullet closely misses the orc.
The sling bullet hits the orc priest.
The orc priest is lightly wounded.
The phantom hits you.
You shoot a sling bullet. The sling bullet hits the phantom.
The phantom is almost destroyed.
The phantom hits you.
The phantom blinks!
You blink.
3307 ||| READING 2 scrolls of teleportation.
As you read the scroll of teleportation, it crumbles to dust.
You feel strangely unstable. The phantom hits you.
The orc priest mumbles some strange prayers to Beogh against you.
Beogh smites you!
You die...

... ###...## ###......# ##
##...####........## #
#.....##..####....## #
##........## ###..>####
##........## #..#...##
..........## ####.#####..
.............###....# ##..
............Wh.¤¤....# #..#
...........@oo.#####.####..#
...........o.## #..##..#.
..............# #..#.....
#.).###.....## #.......#
#%.......%..# #.####..##
##.....[.....##.# ##..#
.##.......##....#. #...
..........#####.## #.##
....###..## ### #.##


You could see a phantom, a hound, an orc priest and 2 orcs.

Vanquished Creatures
  Grinder (D:3)
  A phantom (D:4)
  An orc priest (D:3)
  Terence (D:2)
  Natasha (twice) (D:2)
  An orc wizard (D:4)
  Robin (D:2)
  5 adders
  A ribbon worm (D:3)
  2 dart slugs (D:1)
  8 orcs
  5 ball pythons
  5 endoplasms
  6 hobgoblins
  5 quokkas
  5 bats
  7 frilled lizards
  11 goblins
  3 kobolds
  3 rats (D:3)
74 creatures vanquished.

Notes
Turn   | Place    | Note
-------+----------+-------------------------------------------
     0 | D:1      | qw the Deep Elf Hunter began the quest for the Orb.
     0 | D:1      | Reached XP level 1. HP: 12/12 MP: 3/3
     0 | D:1      | 0 ||| qw: Version: 0.3-a-155-g5e7d8dd
     0 | D:1      | 0 ||| qw: Game counter: 2085
     0 | D:1      | 0 ||| qw: Melee chars always use a shield: true
     0 | D:1      | 0 ||| qw: God list: Okawaru
     0 | D:1      | 0 ||| qw: Allow faded altars: false
     0 | D:1      | 0 ||| qw: Do Orc after clearing Dungeon:15 true
     0 | D:1      | 0 ||| qw: Do second Lair branch before Depths: true
     0 | D:1      | 0 ||| qw: Lair rune preference: random
     0 | D:1      | 0 ||| qw: Goals: Normal
     0 | D:1      | 0 ||| PLANNING D:1-11
   278 | D:1      | Reached XP level 2. HP: 16/16 MP: 4/4
   301 | D:1      | Reached skill level 6 in Ranged Weapons
   693 | D:1      | 693 ||| READING scroll labelled BEOGELL CEEGG.
   694 | D:1      | 694 ||| READING 2 scrolls labelled ZOGOMPY KOTOON.
   699 | D:1      | 699 ||| READING scroll labelled QOYC DOUNO.
   700 | D:1      | 700 ||| READING scroll labelled ATSAMAR MIRICKIES.
   700 | D:1      | 700 ||| IDENTIFYING white potion
   701 | D:1      | 701 ||| READING scroll labelled FIGGUJ NUEBB.
   802 | D:1      | 802 ||| DRINKING 2 red potions.
   803 | D:1      | 803 ||| DROPPING scroll of butterflies.
   851 | D:2      | Identified the +4 sling of Res Ipsa Loquitur {antimagic,
                  | rF+ Str+3 Stlth+}
   853 | D:2      | 853 ||| SWAPPING to +4 sling of Res Ipsa Loquitur
                  | {antimagic, rF+ Str+3 Stlth+}.
   854 | D:2      | 854 ||| DROPPING +0 shortbow.
   925 | D:2      | Noticed Terence
   930 | D:2      | HP: 3/16 [Terence/+0 flail (7)]
   931 | D:2      | 931 ||| READING scroll of teleportation.
   933 | D:2      | Killed Terence
   934 | D:2      | Reached XP level 3. HP: 5/20 MP: 1/5
  1070 | D:2      | Reached skill level 7 in Ranged Weapons
  1142 | D:2      | Found a faded altar of an unknown god.
  1166 | D:2      | Noticed Natasha
  1169 | D:2      | 1169 ||| FLEEEEING.
  1170 | D:2      | 1170 ||| FLEEEEING.
  1171 | D:2      | 1171 ||| FLEEEEING.
  1172 | D:2      | 1172 ||| FLEEEEING.
  1173 | D:2      | 1173 ||| FLEEEEING.
  1179 | D:2      | Killed Natasha
  1180 | D:2      | Reached XP level 4. HP: 16/25 MP: 2/6
  1315 | D:2      | Noticed Natasha
  1319 | D:2      | Killed Natasha
  1358 | D:2      | Noticed Robin
  1359 | D:2      | Reached skill level 8 in Ranged Weapons
  1364 | D:2      | Killed Robin
  1365 | D:2      | 1365 ||| FLEEEEING.
  1366 | D:2      | 1366 ||| FLEEEEING.
  1367 | D:2      | 1367 ||| FLEEEEING.
  1368 | D:2      | 1368 ||| FLEEEEING.
  1369 | D:2      | 1369 ||| FLEEEEING.
  1370 | D:2      | 1370 ||| FLEEEEING.
  1371 | D:2      | 1371 ||| FLEEEEING.
  1372 | D:2      | 1372 ||| FLEEEEING.
  1765 | D:2      | 1765 ||| UPGRADING to +0 scale mail.
  1775 | D:2      | 1775 ||| DROPPING +0 leather armour.
  1776 | D:2      | 1776 ||| UPGRADING to +0 helmet.
  1781 | D:2      | 1781 ||| UPGRADING to +1 ring mail of positive energy.
  1791 | D:2      | 1791 ||| DROPPING +0 scale mail.
  1792 | D:2      | 1792 ||| READING scroll labelled ESEOMO WAMYARGH.
  1793 | D:2      | 1793 ||| READING scroll labelled FOQIKU PIMOTYI.
  1794 | D:2      | 1794 ||| DRINKING 2 viscous emerald potions.
  1979 | D:3      | Reached XP level 5. HP: 29/29 MP: 2/7
  2020 | D:3      | Noticed Grinder
  2023 | D:3      | Paralysed by Grinder for 4 turns
  2039 | D:3      | Paralysed by Grinder for 5 turns
  2044 | D:3      | Killed Grinder
  2045 | D:3      | Reached skill level 9 in Ranged Weapons
  2045 | D:3      | Reached XP level 6. HP: 17/34 MP: 2/8
  2223 | D:3      | Reached skill level 3 in Dodging
  2629 | D:3      | 2629 ||| READING scroll labelled FAFYNW NIFYUHI.
  2630 | D:3      | 2630 ||| READING scroll labelled JURRUBA QUSTRI.
  2631 | D:3      | 2631 ||| DRINKING 2 black potions.
  2731 | D:4      | Reached skill level 10 in Ranged Weapons
  2772 | D:4      | Found a staircase to the Ecumenical Temple.
  2773 | D:4      | 2773 ||| PLANNING TEMPLE
  2782 | Temple   | Entered the Ecumenical Temple
  2783 | Temple   | 2783 ||| PLANNING OKAWARU WORSHIP
  2786 | Temple   | Became a worshipper of Warmaster Okawaru
  2787 | Temple   | 2787 ||| PLANNING D:1-11
  2974 | D:4      | Reached skill level 1 in Armour
  3131 | D:4      | Reached XP level 7. HP: 34/40 MP: 3/9
  3287 | D:4      | 3287 ||| RETREEEEATING.
  3288 | D:4      | 3288 ||| RETREEEEATING.
  3291 | D:4      | 3291 ||| RETREEEEATING.
  3292 | D:4      | 3292 ||| RETREEEEATING.
  3293 | D:4      | 3293 ||| RETREEEEATING.
  3294 | D:4      | 3294 ||| RETREEEEATING.
  3295 | D:4      | 3295 ||| RETREEEEATING.
  3297 | D:4      | 3297 ||| RETREEEEATING.
  3299 | D:4      | 3299 ||| RETREEEEATING.
  3306 | D:4      | HP: 9/40 [phantom (3)]
  3307 | D:4      | 3307 ||| READING 2 scrolls of teleportation.
  3307 | D:4      | Killed from afar by an orc priest

Levels and vault maps discovered:
D:1:      dpeg_arrival_simpleton_c, layout_basic
D:2:      layout_basic, hellmonk_ecumenical_altar_zigzags,
          kennysheep_cross_bottleneck, uniq_terence, uniq_robin, uniq_natasha
D:3:      layout_loops_ring, uniq_grinder
D:4:      layout_layer_cave, minmay_temple_entry_sparse_star,
          minmay_misc_feat_more_columns
Temple:   nicolae_temple_bog_church

Skill      XL: |  1  2  3  4  5  6 |
---------------+-------------------+-----
Ranged Weapons | 6 7 8 9 10 | 10.4
Fighting       | 2 |  2.0
Dodging        | 3 |  3.0
Armour         | 1 |  1.0
Stealth        | |  1.2

Action                     |  1- 3 |  4- 6 |  7- 9 || total
---------------------------+-------+-------+-------++-------
   Fire: Shortbow          |    22 |       |       ||    22
         Sling             |    21 |   147 |    18 ||   186
    Use: Scroll            |     6 |     4 |     1 ||    11
         Potion            |     1 |     2 |       ||     3
 Armour: Leather armour    |     5 |     6 |       ||    11
         Ring mail         |       |    18 |     6 ||    24
  Dodge: Dodged            |     5 |    18 |     5 ||    28

Table legend:
 A = Non-vault XP
 B = Vault XP
 C = Vault XP percentage of total XP
 D = Non-vault monster count
 E = Vault monster count
 F = Vault count percentage of total count
                 A         B        C        D         E       F
            +---------+---------+-------+---------+---------+-------
      Total |     384 |     360 |  48.4 |      64 |      10 |  13.5
            +---------+---------+-------+---------+---------+-------
        D:1 |      20 |       0 |   0.0 |      11 |       0 |   0.0
        D:2 |      55 |      98 |  64.1 |      13 |       9 |  40.9
        D:3 |     109 |     262 |  70.6 |      23 |       1 |   4.2
        D:4 |     200 |       0 |   0.0 |      17 |       0 |   0.0
            +---------+---------+-------+---------+---------+-------
